 Dungeon Crawl Stone Soup version 0.31-a0-95-g6fa058ef04 (webtiles) character file.

Game seed: 13313613334689198472

1864 voltaire321 the Ducker (level 9, 0/63 (67) HPs)
             Began as a Merfolk Venom Mage on May 25, 2023.
             Was an Initiate of Wu Jian.
             Slain by a wight
             ... wielding a +0 falchion
              (3 damage)
             ... on level 6 of the Dungeon.
             The game lasted 00:17:22 (6378 turns).

voltaire321 the Ducker (Merfolk Venom Mage)         Turns: 6378, Time: 00:17:22

HP:   0/63 (67)     AC:  4    Str: 13    XL:     9   Next: 13%
MP:   16/16         EV: 17    Int: 14    God:    Wu Jian [......]
Gold: 317           SH:  0    Dex: 21    Spells: 10/17 levels left

rFire   . . .        o - +7 mace of Wiguck {holy, Str+3 Dex+4}
rCold   . . .        (no shield)
rNeg    . . .        n - +2 animal skin
rPois   .            (no helmet)
rElec   .            (no cloak)
rCorr   .            (no gloves)
SInv    +            (no boots)
Will    .....        (no amulet)
Stlth   ++           u - ring of see invisible
HPRegen 0.30/turn    (no ring)
MPRegen 0.15/turn

%: no passive effects
@: lethally poisoned (0 -> -3), drained
A: (nimble swimmer 2), mertail
a: Renounce Religion


You were on level 6 of the Dungeon.
You worshipped Wu Jian.
Wu Jian was noncommittal.
You visited 2 branches of the dungeon, and saw 7 of its levels.

You collected 317 gold pieces.

Inventory:

Hand Weapons
 a - a +1 short sword of flaming
 e - a +1 heavy hand axe
 m - a +1 hand axe of freezing
 o - the +7 mace of Wiguck (weapon) {holy, Str+3 Dex+4}
   (You found it on level 3 of the Dungeon)

   Str:       It affects your strength (+3).
   Dex:       It affects your dexterity (+4).
Missiles
 g - a throwing net
Armour
 n - a +2 animal skin (worn)
Jewellery
 u - a ring of see invisible (left hand)
 v - a ring of fire
Wands
 f - a wand of iceblast (11)
 r - a wand of flame (29)
 t - a wand of mindburst (16)
Scrolls
 d - 3 scrolls of teleportation {unknown}
 h - 5 scrolls of identify
 l - a scroll of brand weapon {unknown}
 p - a scroll of immolation {unknown}
 s - a scroll of blinking {unknown}
Potions
 b - 2 potions of magic
 c - 2 potions of resistance
 i - 2 potions of haste
 j - a potion of enlightenment
 k - 3 potions of might
 q - a potion of curing


   Skills:
 + Level 4.9 Fighting
 + Level 3.3 Armour
 + Level 6.7 Dodging
 - Level 2.1 Stealth
 + Level 4.8 Spellcasting
 - Level 2.0 Transmutations
 + Level 3.4 Air Magic
 + Level 6.0 Poison Magic


You had 10 spell levels left.
You knew the following spells:

 Your Spells              Type           Power      Damage    Failure   Level
a - Sting                 Tmut/Pois      48%        1d5       4%          1
b - Poisonous Vapours     Pois/Air       28%        N/A       4%          2
c - Olgreb's Toxic Radia  Pois           20%        N/A       16%         4

Your spell library contained the following spells:

 Spells                   Type           Power      Damage    Failure   Level
 Mephitic Cloud           Conj/Pois/Air  9%         N/A       21%         3
 Gell's Gravitas          Tloc           3%         N/A       47%         3
 Teleport Other           Tloc           3%         N/A       47%         3
 Dispersal                Tloc           1%         N/A       100%        6


Dungeon Overview and Level Annotations

Branches:
Dungeon (6/15)             Temple (1/1) D:5

Altars:
Ashenzari
Dithmenos
Fedhas
Gozag
Kikubaaqudgha
Trog
Uskayaw
Wu Jian
Xom
Zin

Shops:
D:2 =


Innate Abilities, Weirdness & Mutations

((You are very nimble when in or above water. (Stealth+, EV+, Speed+++)))
Your lower body shifts to a powerful aquatic tail in water.


Message History

The wight closely misses you.
Your Poison Magic skill increases to level 6!
You closely miss the wight. You punch the wight, but do no damage.
The wight hits you with a +0 war axe of venom!
You are poisoned.
The wight hits you with a +0 falchion. The wight barely misses you.
The wight hits you with a +0 war axe of venom.
You are more poisoned.
You hit the wight but do no damage.
You feel extremely sick. The wight hits you but does no damage.
You are more poisoned.
The wight hits you with a +0 falchion.
You feel drained.
You closely miss the wight.
* * * LOW HITPOINT WARNING * * *
You feel extremely sick. The wight completely misses you.
The wight barely misses you.
You closely miss the wight. You punch the wight, but do no damage.
* * * LOW HITPOINT WARNING * * *
You feel very sick. The wight barely misses you. The wight closely misses you.
The wight misses you. x2
You feel better. The wight hits you but does no damage.
You are poisoned.
The wight barely misses you. The wight attacks as you move away!
The wight closely misses you. The wight attacks as you move away!
The wight closely misses you.
You feel very sick.
There is an open door, spattered with blood here.
You feel sick.
You hit the wight.
The wight convulses!
The wight is severely damaged.
You feel sick.
You hit the wight.
The wight convulses.
The wight is lightly damaged.
You feel sick. The wight misses you. The wight barely misses you.
The wight hits you with a +0 falchion.
* * * LOW HITPOINT WARNING * * *
You feel drained.
You die...

<..... ........#
...... .......#
.....#########......#
.....#.......#$.....#
.....#.......#......#
.....#.......#..)...#
.... #....(..#......#
######.......###z####
....##.......##.@z.#
.....'.............#
.....#.............#
######.......########
....##########......#
....#...............#
....#.....###.......#
....#.....###.......#
....#.....###.......#


You could see 2 wights.

Vanquished Creatures
  Sigmund (D:3)
  A black bear (D:6)
  An ice beast (D:5)
  A centaur (D:6)
  3 kobold brigands (D:6)
  A phantom (D:4)
  A bullfrog (D:6)
  3 scorpions
  A wight (D:6)
  A vampire bat (D:5)
  3 orc priests
  2 jellies
  4 hounds
  3 iguanas
  4 orc wizards
  2 sleepcaps
  Robin (D:3)
  7 gnolls
  6 adders
  A white imp (D:5)
  An ufetubus (D:4)
  2 dart slugs
  3 fire bats (D:5)
  A worm (D:2)
  14 orcs
  2 spectral bats (D:5)
  3 bat skeletons (D:5)
  A bat zombie (D:5)
  7 endoplasms
  3 giant cockroaches
  17 goblins
  6 hobgoblins
  8 kobolds
  A quokka (D:2)
  3 ball pythons
  14 bats
  A bat simulacrum (D:5)
  6 frilled lizards
  3 rats
143 creatures vanquished.

Notes
Turn   | Place    | Note
-------+----------+-------------------------------------------
     0 | D:1      | voltaire321 the Merfolk Venom Mage began the quest for the
                  | Orb.
     0 | D:1      | Reached XP level 1. HP: 13/13 MP: 3/3
   134 | D:1      | Reached XP level 2. HP: 20/20 MP: 5/5
   434 | D:1      | Reached XP level 3. HP: 22/25 MP: 1/6
   628 | D:1      | Reached skill level 1 in Fighting
  1128 | D:2      | Found Inoim's Jewellery Boutique.
  1214 | D:2      | Learned a level 2 spell: Poisonous Vapours
  1429 | D:2      | Found a broken altar of Ashenzari.
  1438 | D:2      | Reached XP level 4. HP: 29/32 MP: 4/7
  1758 | D:3      | Noticed Sigmund
  1767 | D:3      | Killed Sigmund
  1768 | D:3      | Reached skill level 1 in Armour
  1768 | D:3      | Reached skill level 1 in Air Magic
  1768 | D:3      | Reached XP level 5. HP: 29/38 MP: 1/9
  1864 | D:3      | Found a shadowy altar of Dithmenos.
  1929 | D:3      | Reached XP level 6. HP: 44/44 MP: 8/10
  2060 | D:3      | Noticed Robin
  2074 | D:3      | Killed Robin
  2078 | D:3      | HP: 1/44 [hobgoblin[Robin] (3)]
  2554 | D:3      | Identified the +7 mace of Wiguck {holy, Str+3 Dex+4}
  2870 | D:3      | Found an opulent altar of Gozag.
  3399 | D:4      | Reached XP level 7. HP: 46/51 MP: 9/11
  3885 | D:5      | Entered Level 5 of the Dungeon
  3990 | D:5      | Reached skill level 5 in Dodging
  4470 | D:5      | Reached skill level 5 in Poison Magic
  4484 | D:5      | Reached XP level 8. HP: 13/60 MP: 13/13
  4866 | D:5      | Found a staircase to the Ecumenical Temple.
  4881 | Temple   | Entered the Ecumenical Temple
  4916 | Temple   | Became a worshipper of the Wu Jian Council
  5546 | D:6      | Found an ancient bone altar of Kikubaaqudgha.
  5945 | D:6      | Found a bloodstained altar of Trog.
  5952 | D:6      | Learned a level 4 spell: Olgreb's Toxic Radiance
  5973 | D:6      | Reached XP level 9. HP: 41/66 MP: 1/15
  6265 | D:6      | Found a broken altar of Ashenzari.
  6378 | D:6      | HP: 3/65 [wight/+0 falchion (6)]
  6378 | D:6      | Slain by a wight

Illustrated notes

Levels and vault maps discovered:
D:1:      dpeg_arrival_rooms_a, layout_basic, serial_forest,
          infiniplex_forest_clump_diagonal, infiniplex_forest_split,
          infiniplex_forest_clump_tiny, infiniplex_forest_lined_room_,
          infiniplex_forest_clump_curved, infiniplex_forest_clump_small,
          infiniplex_forest_lined_room_2, chequers_serial_rivers_marsh
D:2:      layout_loops_ring, basic_altar, serial_shops,
          nicolae_shop_back_alley_shop, grunt_decor_arrowhead
D:3:      layout_basic, lemuel_tele_altar, mainiacjoe_overflow_boulevard,
          uniq_sigmund, uniq_robin
D:4:      layout_basic
D:5:      layout_loops_cross, minmay_temple_entry_nine_rooms,
          minmay_misc_feat_five, goddamned_bats
D:6:      layout_gridville, cheibrodos_ashenzari_chains,
          kiku_gazebo_pond_becter, trog_antimagical
Temple:   nicolae_temple_elliptical

Skill      XL: |  1  2  3  4  5  6  7  8  9 |
---------------+----------------------------+-----
Dodging        | 3 4 5 6 |  6.7
Transmutations | 2 |  2.0
Fighting       | 1 2 3 4 |  4.9
Armour         | 1 2 3 |  3.3
Air Magic      | 1 2 3 |  3.4
Poison Magic   | 4 5 6 |  6.0
Spellcasting   | 3 4 |  4.8
Stealth        | |  2.1

Action                     |  1- 3 |  4- 6 |  7- 9 || total
---------------------------+-------+-------+-------++-------
  Melee: Hand axe          |    16 |    27 |       ||    43
         Mace              |       |    40 |   204 ||   244
         Punch             |       |       |     4 ||     4
   Fire: Sling             |    42 |       |       ||    42
   Cast: Sting             |    30 |    37 |    34 ||   101
         Poisonous Vapours |       |     2 |     8 ||    10
         Olgreb's Toxic Ra |       |       |     1 ||     1
Ability: Lunge             |       |       |     4 ||     4
    Use: Potion            |       |       |     6 ||     6
         Scroll            |       |       |     4 ||     4
   Stab: Sleeping          |       |     1 |     7 ||     8
 Armour: Robe              |     8 |     1 |       ||     9
         Animal skin       |       |    12 |    63 ||    75
  Dodge: Dodged            |    39 |    56 |   306 ||   401

Table legend: (Time is in decaauts)
 A = Elapsed time spent in this place.
 B = Non-inter-level travel time spent in this place.
 C = Inter-level travel time spent in this place.
 D = Time resting spent in this place.
 E = Time spent auto-exploring this place.
 F = Levels seen in this place.
 G = Mean time per level.
                   A        B        C        D        E       F      G
               +--------+--------+--------+--------+--------+-----+--------+
         Total |   6520 |   6428 |     92 |   1692 |   3317 |   7 |  931.4 |
       Dungeon |   6467 |   6375 |     92 |   1692 |   3292 |   6 | 1077.8 |
        Temple |     52 |     52 |      0 |      0 |     25 |   1 |   52.0 |
               +--------+--------+--------+--------+--------+-----+--------+

Top non-repeatable levels by time:
     D:5: 1365 daAuts
     D:3: 1174 daAuts
     D:6: 1146 daAuts
     D:1: 996 daAuts
     D:4: 996 daAuts
     D:2: 788 daAuts
  Temple: 52 daAuts
